 Dungeon Crawl Stone Soup version 0.20.1-1-g8b1a95d (webtiles) character file.

79 pstr the Conjurer (level 4, -1/24 HPs)
             Began as a Kobold Conjurer on Nov 12, 2017.
             Slain by an adder (4 damage)
             ... on level 1 of the Dungeon.
             The game lasted 00:09:26 (2531 turns).

pstr the Conjurer (Kobold Conjurer)                 Turns: 2531, Time: 00:09:26

Health: -1/24      AC:  2    Str:  5    XL:     4   Next: 64%
Magic:  0/8        EV: 15    Int: 17    God:
Gold:   59         SH:  0    Dex: 15    Spells: 5/8 levels left

rFire    . . .     SeeInvis .   k - +0 club
rCold    . . .     Gourm    .   (shield restricted)
rNeg     . . .     Faith    .   a - +0 robe
rPois    .         Spirit   .   (no helmet)
rElec    .         Reflect  .   (no cloak)
rCorr    .         Harm     .   (no gloves)
MR       .....                  (no boots)
Stlth    ++........             (no amulet)
Regen    0.1/turn               (no ring)
MPRegen  0.2/turn               (no ring)

@: lethally poisoned (-1 -> -9), flying
A: carnivore 3
a: no special abilities


You were on level 1 of the Dungeon.
You were very full.

You visited 1 branch of the dungeon, and saw 2 of its levels.

You collected 59 gold pieces.

Inventory:

Hand Weapons
 k - a +0 club (weapon)
Missiles
 e - 88 stones (quivered)
 o - 21 arrows
Armour
 a - a +0 robe (worn)
Scrolls
 d - a scroll of magic mapping {unknown}
 f - 5 scrolls of identify {unknown}
 i - a scroll of enchant armour {unknown}
 n - a scroll of teleportation {unknown}
Potions
 g - 2 potions of flight
Books
 b - a book of Conjurations

   Spells                             Type                      Level
   a - Magic Dart                     Conjuration                  1
   b - Searing Ray                    Conjuration                  2
   c - Dazzling Spray                 Conjuration/Hexes            3
   d - Fulminant Prism                Conjuration/Hexes            4
   e - Force Lance                    Conjuration/Translocation    4
   f - Iskenderun's Mystic Blast      Conjuration                  4
Comestibles
 c - 3 meat rations
 m - a royal jelly


   Skills:
 + Level 2.9 Dodging
 + Level 3.0 Stealth
 + Level 0.2 Unarmed Combat
 + Level 2.9 Spellcasting
 + Level 5.0 Conjurations


You had 5 spell levels left.
You knew the following spells:

 Your Spells              Type           Power        Failure   Level  Hunger
a - Magic Dart            Conj           ###.         2%          1    None
b - Searing Ray           Conj           ###...       3%          2    ##.....


Dungeon Overview and Level Annotations

Branches:
Dungeon (2/15)

Altars:
Okawaru


Innate Abilities, Weirdness & Mutations

You are small and have problems with some larger weapons.
You are carnivorous and can eat meat at any time.


Message History

The adder bites you.
* * * LOW HITPOINT WARNING * * *
You are lethally poisoned!
The adder poisons you! The adder barely misses you.
The searing ray misses the adder.
* * * LOW HITPOINT WARNING * * *
You feel sick. The adder misses you.
You feel very buoyant.
You fly up into the air.
* * * LOW HITPOINT WARNING * * *
You feel sick. The adder misses you.
You barely miss the adder.
The adder is moderately wounded.
* * * LOW HITPOINT WARNING * * *
You feel sick. The adder completely misses you. The adder barely misses you.
You hit the adder.
The adder is moderately wounded.
* * * LOW HITPOINT WARNING * * *
You feel sick. The adder bites you.
You die...

#.#
#.#............
#.#
#รท#######.###..
#.# #.# #.# #..
#.# #.# #.# ###
#.# #.#######.# #
#.######.>.......#
##
#.....##..########
##. #####.##..#
#.# #@##..# ##.
#S##..############
#.##..............
#.###.############
#####.# #.#
#.....# #.#
#.##### #.# #.#
#.# #.# #.#


You could see an adder.

Vanquished Creatures
  An adder (D:2)
  An ooze (D:1)
  A worm (D:2)
  3 dart slugs
  2 leopard geckos
  6 giant cockroaches
  2 goblins
  5 hobgoblins
  4 jackals
  5 kobolds (D:1)
  14 bats
  7 frilled lizards
  4 rats (D:1)
55 creatures vanquished.

Notes
Turn   | Place    | Note
-------+----------+-------------------------------------------
     0 | D:1      | pstr the Kobold Conjurer began the quest for the Orb.
     0 | D:1      | Reached XP level 1. HP: 10/10 MP: 3/3
   241 | D:1      | Reached XP level 2. HP: 15/15 MP: 3/5
   603 | D:1      | Reached XP level 3. HP: 19/19 MP: 2/6
   607 | D:1      | Learned a level 2 spell: Searing Ray
  1728 | D:2      | Reached XP level 4. HP: 24/24 MP: 4/8
  1905 | D:2      | Found an iron altar of Okawaru.
  1909 | D:2      | Reached skill level 5 in Conjurations
  2504 | D:2      | HP: 1/24 [poisoned by an adder]
  2531 | D:1      | Slain by an adder

Skill      XL: |  1  2  3  4 |
---------------+-------------+-----
Stealth        | 3 |  3.0
Conjurations   | 5 |  5.0
Dodging        | |  2.9
Unarmed Combat | |  0.2
Spellcasting   | |  2.9

Action                   |  1- 3 |  4- 6 || total
-------------------------+-------+-------++-------
Melee: Unarmed           |     5 |       ||     5
       Club              |       |    10 ||    10
 Cast: Magic Dart        |    56 |    35 ||    91
       Searing Ray       |    12 |     7 ||    19
  Use: Potion            |       |     6 ||     6
  Eat: Chunk             |    12 |     2 ||    14
Armor: Robe              |     4 |     2 ||     6
Dodge: Dodged            |    21 |    30 ||    51
